 Dungeon Crawl Stone Soup version 0.30-a0-946-gec5dcfc036 (console) character file.

Game seed: 10230964270311767147

28858 utis the Destroyer (level 13, -1/124 HPs)
             Began as a Tengu Wanderer on Mar 26, 2023.
             Slain by a minotaur
             ... wielding a staff of air
              (24 damage)
             ... in a Gauntlet.
             The game lasted 01:07:55 (19333 turns).

utis the Destroyer (Tengu Wanderer)                Turns: 19333, Time: 01:07:55

Health: -1/124     AC: 26    Str: 14      XL:     13   Next: 41%
Magic:  24/24      EV:  2    Int: 16 (18) God:
Gold:   1355       SH:  0    Dex: 19      Spells: 1/14 levels left

rFire   . . .      SeeInvis .    o - +11 falchion {speed, Str+3 Int+4}
rCold   . . .      Faith    .    (no shield)
rNeg    . . .      Spirit   .    X - melded +0 swamp dragon scales
rPois   +          Reflect  .    V - melded +1 hat {Will+}
rElec   .          Rampage  .    e - melded +1 cloak {Will+}
rCorr   .          NoTele   +    F - melded +0 pair of gloves
Will    .....                    (boots unavailable)
Stlth   ++                       g - amulet of regeneration {@e1}
HPRegen 1.20/turn                P - ring of poison resistance
MPRegen 0.19/turn                W - ring of magical power

@: tree-form, hasted, very quick
A: stationary, stasis, torment immunity, boosted hp, (beak), (talons 3), nimble
flight, deterioration 1
a: no special abilities


You were in a Gauntlet.
You were a tree.
You visited 2 branches of the dungeon, and saw 14 of its levels.
You also visited: Bailey and Gauntlet.

You collected 1355 gold pieces.

Inventory:

Hand Weapons
 a - the +6 dagger "Fish" {drain, rC++ rN+ Str+6 SInv}
   (You acquired it in a bailey)

   Str:       It affects your strength (+6).
   rC:        It greatly protects you from cold.
   rN:        It protects you from negative energy.
   SInv:      It lets you see invisible.
 b - a +2 dagger of electrocution
 n - a +1 demon whip of venom
 o - the +11 falchion of the Bedazzling Gods (weapon) {speed, Str+3 Int+4}
   (You found it in a Gauntlet)

   Str:       It affects your strength (+3).
   Int:       It affects your intelligence (+4).
 q - a +2 short sword of flaming
 M - a +1 sling of draining
 U - a +0 scimitar of holy wrath
 Y - a +2 scimitar of flaming
 Z - a +0 lajatang
Missiles
 i - 115 stones
 s - 7 atropa-tipped darts
 G - 31 poisoned darts
Armour
 e - a +1 cloak of willpower (melded)
 f - +0 steam dragon scales
 F - a +0 pair of gloves (melded)
 V - a +1 hat of willpower (melded)
 X - +0 swamp dragon scales (melded)
Magical Staves
 l - a staff of conjuration {!a@e1}
Jewellery
 g - an amulet of regeneration (around neck) {@e1}
 y - an amulet of the acrobat
 C - a ring of ice
 P - a ring of poison resistance (left branch)
 W - a ring of magical power (right branch)
Wands
 h - a wand of roots (11)
 j - a wand of flame (18)
 O - a wand of paralysis (4)
 Q - a wand of quicksilver (4)
Scrolls
 c - 2 scrolls of summoning
 m - a scroll of enchant weapon
 p - 5 scrolls of fog
 r - 4 scrolls of amnesia
 t - 6 scrolls of teleportation {@r4}
 v - 6 scrolls of fear
 x - a scroll of poison
 D - a scroll of torment {!r}
Potions
 k - 7 potions of might
 u - 3 potions of lignification
 w - 4 potions of resistance
 z - 6 potions of curing {@q1}
 A - 2 potions of brilliance
 B - 3 potions of cancellation
 E - 2 potions of haste {@q3}
 I - 27 potions of degeneration {@e1}
 K - 5 potions of magic
 L - 2 potions of invisibility {unknown}
 R - a potion of ambrosia {unknown}
 T - a potion of mutation {unknown}
Miscellaneous
 d - a condenser vane
 N - a tin of tremorstones (2/2)


   Skills:
 - Level 10.3 Fighting
 - Level 10.0(10.1) Short Blades
 + Level 2.2(6.7) Long Blades
 - Level 3.0 Ranged Weapons
 - Level 3.2 Armour
 - Level 12.3 Dodging
 - Level 1.0 Spellcasting
 - Level 14.8 Conjurations
 - Level 9.4 Fire Magic
 - Level 1.0 Ice Magic
 + Level 3.2 Evocations


You had one spell level left.
You knew the following spells:

 Your Spells              Type           Power      Damage    Failure   Level
f - Fireball              Conj/Fire      19%        3d9       4%          5
z - Freeze                Ice            16%        1d4       16%         1
X - Starburst             Conj/Fire      19%        6d7       24%         6
Y - Foxfire               Conj/Fire      100%       2x1d9     1%          1

Your spell library contained the following spells:

 Spells                   Type           Power      Damage    Failure   Level
 Sandblast                Erth           0%         2d4       22%         1
 Sting                    Tmut/Pois      0%         1d3       22%         1
 Hailstorm                Conj/Ice       26%        3d7       2%          3
 Stone Arrow              Conj/Erth      48%        3d10      3%          3
 Passwall                 Tmut/Erth      0%         N/A       34%         2
 Poisonous Vapours        Pois/Air       0%         N/A       34%         2
 Animate Armour           Summ/Erth      0%         N/A       92%         4
 Animate Dead             Necr           0%         N/A       92%         4
 Olgreb's Toxic Radiance  Pois           0%         N/A       92%         4
 Borgnjor's Vile Clutch   Necr/Erth      0%         N/A       99%         5
 Death Channel            Necr           0%         N/A       100%        6
 Lehudib's Crystal Spear  Conj/Erth      12%        10d4      100%        8


Dungeon Overview and Level Annotations

Branches:
Dungeon (10/15)            Temple (0/1) D:4            Lair (4/5) D:9
 Shoals (0/4) Lair:3       Spider (0/4) Lair:3          Orc (0/2) D:9
 Bailey (visited)         Gauntlet (1/1)
  Slime: Lair:4-5

Altars:
Ashenzari
Dithmenos
Elyvilon
Fedhas
Kikubaaqudgha
Trog
Yredelemnul
Zin
The Shining One
Lugonu

Annotations:
D:6 1 runed translucent door
D:8 exclusion: oklob plant
D:9 2 transporters Gauntlet 10 transporters, 15 runed translucent doors, exclusion: oklob plant


Innate Abilities, Weirdness & Mutations

You are a tree.
Your roots penetrate the ground, keeping you stationary.
You cannot be teleported.
You are immune to unholy pain and torment.
Your maximum health is greatly increased.
Your equipment is partially melded.
((You have a beak for a mouth.))
((You have claws for feet.))
Your magical nature lets you fly swiftly and evasively.
Your body sometimes deteriorates upon taking damage.


Message History

You feel yourself speed up.
The minotaur shoots a sling bullet.
The sling bullet hits you!!
Your body deteriorates!
You feel dopey. The sling bullet freezes you!
Aiming: Paralyse
Press: ? - help, Shift-Dir - straight line, f - minotaur
Aim: a minotaur, wielding a +1 sling of freezing, wearing a +0 chain mail, wearing a +4 ring of slaying and quivering silver javelins (chance to affect: 4%)
Okay, then.
Unknown command.
Unknown command.
Okay, then.
You feel much better.
The minotaur unwields a +1 sling of freezing.
The minotaur wields a staff of air.
The minotaur hits you with a staff of air!!
You are electrocuted!
The minotaur gores you.
You hit the minotaur but do no damage. You claw the minotaur.
The minotaur is lightly wounded.
You hit the minotaur. You claw the minotaur.
The minotaur is lightly wounded.
You slash the minotaur!
You claw the minotaur, but do no damage.
Your peck misses the minotaur.
The minotaur is moderately wounded.
The minotaur hits you with a staff of air!
* * * LOW HITPOINT WARNING * * *
You are electrocuted.
* * * LOW HITPOINT WARNING * * *
The minotaur gores you!
* * * LOW HITPOINT WARNING * * *
Really quaff the potion of lignification?
You turn into a tree.
Your +1 cloak of willpower melds into your body.
Your +1 hat of willpower melds into your body.
Your +0 pair of gloves melds into your body.
Your +0 swamp dragon scales melds into your body.
You feel less strong-willed. x2; Your roots penetrate the ground.
Okay, then.
You feel better.
The minotaur hits you with a staff of air!!
You die...

▒▒▒▒▒..▒▒▒ ▓...▒..▒
.▓..▒..▒ .▓▓.▒..▒▓▓▓▓
▓..▓▒..▒≈8§▓
....▒..▒.§.▒▒▒▒▒▒▒▒
▓..▓▒▒▒▒.8.▒...▒....▒▒▒▒
▓▓▓.▒©.....▒.▓▓▓▓▓▓....▒
.▓..▒▒▒▒.8.▒.▓..♣.▓▓▓▓.▒
.[..▒..▒...▒.▓.░░H▓..▓.▒
▒▒▒▒▒..▒.8.▒.▓.░ .░░.▓.▒
......§▒...▒.▓.░ .⌠░.▓.▒
......∩▒.8...▓.░ ∩.░...▒
......≈▒...▒.▓.░ .⌠░.▓.▒
▒▒▒▒▒..▒.8.▒.▓.░░░░░.▓.▒
....▒..▒...▒.▓.░░....▓.▒
..▒.▒▒▒▒.8.▒.▓....▓▓▓▓.▒


You could see a minotaur.

Vanquished Creatures
  Gastronok (Lair:2)
  Snorg (Lair:4)
  3 hydras
  Erica (Lair:2)
  2 two-headed ogres
  3 sixfirhies (Gauntlet)
  Amaemon (Lair:3)
  The ghost of gohu the Cleaver, a novice HOFi (D:7)
  Pikel (D:4)
  An orc knight (Bailey)
  2 moths of wrath
  2 black mambas (Lair:2)
  An orange demon (Lair:3)
  Maggie (Lair:2)
  8 cane toads
  2 torpor snails
  A kobold demonologist (D:9)
  A rime drake (Lair:2)
  4 komodo dragons
  4 trolls
  9 blink frogs (Lair:1)
  Prince Ribbit (D:5)
  4 dream sheep (Lair:4)
  A snapping turtle (Lair:3)
  3 jumping spiders (Lair:3)
  A culicivora (Lair:3)
  A wraith (D:10)
  A basilisk (Lair:2)
  A chaos spawn (Gauntlet)
  5 wyverns
  15 yaks
  Eustachio (D:4)
  A redback (Lair:3)
  A neqoxec (Gauntlet)
  2 steam dragons
  6 water moccasins
  A sky beast (D:7)
  An ice beast (D:7)
  2 black bears
  5 orc warriors (D:9)
  4 centaurs
  7 wolves
  2 lemures (D:4)
  2 phantoms
  4 kobold brigands
  9 bullfrogs
  4 scorpions
  A gnoll sergeant (D:6)
  5 wights
  3 killer bees (D:9)
  6 electric eels
  13 hounds
  2 jellies
  7 orc priests
  A human zombie (D:6)
  2 sleepcaps
  Jessica (D:3)
  5 iguanas
  3 orc wizards
  17 gnolls
  9 adders
  A shadow imp (D:7)
  2 white imps (D:7)
  2 ufetubi
  A worm (D:3)
  4 dart slugs
  51 orcs
  7 endoplasms
  4 giant cockroaches
  12 goblins
  7 hobgoblins
  6 jackals (D:1)
  7 quokkas
  4 ball pythons
  4 bats
  3 frilled lizards
  19 kobolds
  7 rats
351 creatures vanquished.

Vanquished Creatures (collateral kills)
  8 foxfires
8 creatures vanquished.

Vanquished Creatures (others)
  An electric eel (D:9)
  559 foxfires
  12 fungi
  28 plants
600 creatures vanquished.

Grand Total: 959 creatures vanquished

Notes
Turn   | Place    | Note
-------+----------+-------------------------------------------
     0 | D:1      | utis the Tengu Wanderer began the quest for the Orb.
     0 | D:1      | utis set off with the following items: a +0 dagger, a wand
                  | of flame (7), a scroll of summoning, a +2 leather armour;
                  | and the following spell memorised: Freeze; and the
                  | following spells available to memorise: Hailstorm.
     0 | D:1      | Reached XP level 1. HP: 12/12 MP: 3/3
   143 | D:1      | Reached XP level 2. HP: 17/18 MP: 4/4
   200 | D:1      | Learned a level 1 spell: Foxfire
   652 | D:1      | Reached XP level 3. HP: 22/22 MP: 5/5
   721 | D:1      | Reached skill level 1 in Ranged Weapons
  1657 | D:2      | Reached XP level 4. HP: 27/27 MP: 6/6
  1830 | D:3      | Reached skill level 7 in Conjurations
  1830 | D:3      | Gained mutation: Your magical nature lets you fly swiftly
                  | and evasively. [Tengu growth]
  1830 | D:3      | Reached XP level 5. HP: 37/37 MP: 7/7
  2299 | D:3      | Found an ancient bone altar of Kikubaaqudgha.
  2371 | D:3      | Found a bloodstained altar of Trog.
  2380 | D:3      | Found a glowing silver altar of Zin.
  2409 | D:3      | Reached XP level 6. HP: 42/42 MP: 8/8
  2432 | D:3      | Noticed Jessica
  2435 | D:3      | Killed Jessica
  2775 | D:4      | Reached skill level 1 in Short Blades
  3016 | D:4      | Noticed Eustachio
  3077 | D:4      | Killed Eustachio
  3078 | D:4      | Reached XP level 7. HP: 41/47 MP: 9/9
  3161 | D:4      | Found a staircase to the Ecumenical Temple.
  3456 | D:4      | Noticed Pikel
  3495 | D:4      | Killed Pikel
  3496 | D:4      | Reached XP level 8. HP: 22/52 MP: 10/10
  3895 | D:5      | Entered Level 5 of the Dungeon
  3908 | D:5      | Noticed Prince Ribbit
  3954 | D:5      | Killed Prince Ribbit
  3955 | D:5      | Reached skill level 8 in Conjurations
  4115 | D:5      | Learned a level 5 spell: Fireball
  4736 | D:5      | Reached XP level 9. HP: 43/57 MP: 6/11
  5924 | D:6      | Found a runed translucent door.
  5930 | D:6      | Found a basalt altar of Yredelemnul.
  6021 | D:6      | Identified the +0 buckler of Vehumet's Indignation {-Tele
                  | Str+5 Stlth+}
  6831 | D:7      | Found a glowing golden altar of the Shining One.
  7082 | D:7      | Noticed a moth of wrath
  7086 | D:7      | Noticed gohu's ghost (novice HOFi)
  7094 | D:7      | Found a transporter.
  7248 | D:7      | Noticed a troll
  7268 | D:7      | Killed a troll
  7269 | D:7      | Reached skill level 9 in Conjurations
  7328 | D:7      | Found a transporter.
  7449 | D:7      | Reached skill level 5 in Short Blades
  7662 | D:7      | Reached XP level 10. HP: 64/64 MP: 6/12
  8084 | D:7      | Killed a moth of wrath
  8085 | D:7      | Reached skill level 10 in Dodging
  8682 | D:7      | Killed gohu's ghost
 10312 | D:8      | Found a blossoming altar of Fedhas.
 10327 | D:8      | Noticed an oklob plant
 10408 | D:9      | Identified 2 scrolls of acquirement
 10408 | D:9      | Acquired 557 gold pieces
 10412 | D:9      | Acquired a +0 cloak of willpower
 10447 | D:9      | Found a broken altar of Ashenzari.
 10550 | D:9      | Noticed a two-headed ogre
 10653 | D:9      | Noticed a brown ugly thing
 10655 | D:9      | Found a transporter.
 10675 | D:9      | Noticed a kobold demonologist
 10687 | D:9      | Killed a kobold demonologist
 10688 | D:9      | Reached skill level 10 in Conjurations
 10916 | D:9      | Found a flagged portal.
 10938 | Bailey   | Entered a bailey
 11195 | Bailey   | Noticed an orc knight
 11231 | Bailey   | HP: 2/53 [gnoll/+1 halberd of draining (3)]
 11235 | Bailey   | Killed an orc knight
 11448 | Bailey   | Acquired the +6 dagger "Fish" {drain, rC++ rN+ Str+6 SInv}
 11932 | D:9      | Killed a two-headed ogre
 11933 | D:9      | Reached XP level 11. HP: 64/69 MP: 5/13
 12181 | D:9      | Reached skill level 11 in Conjurations
 12294 | D:9      | Found a staircase to the Lair.
 12671 | D:9      | Found a transporter.
 12673 | D:9      | Noticed a brown ugly thing
 12674 | D:9      | Noticed a brown ugly thing
 12674 | D:9      | Noticed a cyan ugly thing
 12675 | D:9      | Found a corrupted altar of Lugonu.
 13050 | D:9      | Found a staircase to the Orcish Mines.
 13131 | D:10     | Entered Level 10 of the Dungeon
 13330 | D:10     | Found a white marble altar of Elyvilon.
 13608 | D:10     | Noticed a two-headed ogre
 13618 | D:10     | Killed a two-headed ogre
 13954 | Lair:1   | Entered Level 1 of the Lair of Beasts
 14240 | Lair:1   | Reached skill level 12 in Conjurations
 14914 | Lair:1   | Reached XP level 12. HP: 32/76 MP: 14/14
 15011 | Lair:1   | Found a shadowy altar of Dithmenos.
 15502 | Lair:2   | Reached skill level 13 in Conjurations
 15856 | Lair:2   | Noticed a six-headed hydra
 15869 | Lair:2   | Killed a six-headed hydra
 15891 | Lair:2   | Noticed Gastronok
 15920 | Lair:2   | Killed Gastronok
 15930 | Lair:2   | Reached skill level 10 in Short Blades
 15940 | Lair:2   | Noticed Maggie
 15960 | Lair:2   | Killed Maggie
 16278 | Lair:2   | Noticed Erica
 16296 | Lair:2   | Killed Erica
 16802 | Lair:3   | Found a hole to the Spider Nest.
 16968 | Lair:3   | Reached skill level 1 in Armour
 17159 | Lair:3   | Reached skill level 14 in Conjurations
 17216 | Lair:3   | Noticed Amaemon
 17255 | Lair:3   | Killed Amaemon
 17256 | Lair:3   | Reached skill level 10 in Fighting
 17761 | Lair:3   | Found a staircase to the Shoals.
 18062 | Lair:3   | Learned a level 6 spell: Starburst
 18078 | Lair:4   | Noticed a four-headed hydra
 18160 | Lair:3   | Killed a four-headed hydra
 18161 | Lair:3   | Reached XP level 13. HP: 54/82 MP: 15/15
 18234 | Lair:4   | Noticed Snorg
 18260 | Lair:4   | stupid
 18272 | Lair:3   | HP: 4/82 [torpor snail (6)]
 18358 | Lair:4   | Killed Snorg
 18537 | Lair:4   | Found a gate leading to a gauntlet.
 18546 | Gauntlet | Entered a Gauntlet
 18546 | Gauntlet | Found a transporter.
 18546 | Gauntlet | Found a transporter.
 18550 | Gauntlet | Found a transporter.
 18550 | Gauntlet | Found a transporter.
 18552 | Gauntlet | Found a large runed translucent door.
 18553 | Gauntlet | Found a large runed translucent door.
 18554 | Gauntlet | Found a large runed translucent door.
 18554 | Gauntlet | Found a large runed translucent door.
 18554 | Gauntlet | Found a runed translucent door.
 18554 | Gauntlet | Found a runed translucent door.
 18555 | Gauntlet | Found a large runed translucent door.
 18555 | Gauntlet | Found a large runed translucent door.
 18555 | Gauntlet | Found a large runed translucent door.
 18555 | Gauntlet | Found a large runed translucent door.
 18556 | Gauntlet | Found a large runed translucent door.
 18557 | Gauntlet | Found a large runed translucent door.
 18558 | Gauntlet | Found a transporter.
 18559 | Gauntlet | Found a large runed translucent door.
 18559 | Gauntlet | Found a large runed translucent door.
 18560 | Gauntlet | Found a large runed translucent door.
 18560 | Gauntlet | Found a large runed translucent door.
 18560 | Gauntlet | Found a large runed translucent door.
 18567 | Gauntlet | Found a transporter.
 18584 | Gauntlet | Found a runed translucent gate.
 18586 | Gauntlet | Found a transporter.
 18586 | Gauntlet | Found the +2 cloak of the Thief {*Fog Slay-2 SInv Stlth+}
 18594 | Gauntlet | Found a transporter.
 18594 | Gauntlet | Found a runed translucent gate.
 18595 | Gauntlet | Found a runed translucent gate.
 18596 | Gauntlet | Found a transporter.
 18596 | Gauntlet | Found a transporter.
 18598 | Gauntlet | Found a large runed translucent door.
 18600 | Gauntlet | Found a transporter.
 18602 | Gauntlet | Noticed a green death
 18612 | Gauntlet | Found a transporter.
 18687 | Gauntlet | Found a transporter.
 18701 | Gauntlet | Found a transporter.
 18801 | Gauntlet | Found a transporter.
 18821 | Gauntlet | Found a transporter.
 19019 | Gauntlet | Gained mutation: Your body sometimes deteriorates upon
                  | taking damage. [a neqoxec]
 19140 | Gauntlet | Identified the +11 falchion of the Bedazzling Gods {speed,
                  | Str+3 Int+4}
 19178 | Gauntlet | Reached skill level 1 in Long Blades
 19324 | Gauntlet | Noticed a minotaur
 19333 | Gauntlet | Slain by a minotaur

Illustrated notes

░......░ .
░░...... . ..
...8..░░ .. .8.
░...... .8.
....░.....░....
.......8.......
░.....T.......░
░..8..Q..8...░
░.....w....░░.
░░....8......░
░░░.....░░░..
░░░+░░░ .


Turn 18260 on Lair:4: stupid

Levels and vault maps discovered:
D:1:      psy_arrival_basics, layout_loops_ring
D:2:      wad_pebble_path, layout_loops_ring, minivault_19,
          minmay_strange_pillars
D:3:      layout_basic, kiku_gazebo_garden_becter, mainiacjoe_overflow_swirl,
          serial_bayou_lagoon_b, uniq_jessica
D:4:      layout_loops_ring, minmay_temple_entry_junction, grunt_decor_junction,
          uniq_eustachio, uniq_pikel
D:5:      minmay_spotlight, layout_cave_pods, uniq_prince_ribbit1
D:6:      layout_gridville, dk_yredelemnul_ordeal
D:7:      layout_basic, tso_altar, gammafunk_ghost_berserking_beasts,
          serial_bayou_pond_b
D:8:      layout_layer_cave, tgw_fedhas
D:9:      gammafunk_corrupted_shrine, layout_basic,
          nicolae_ashenzari_panopticon, erik_lair_island, david_orc_5,
          enter_bailey_7
D:10:     layout_basic, lemuel_tele_altar, serial_park_tiny_2
Lair:1:   layout_loops_ring, basic_altar, nicolae_quartered_pool_impasse
Lair:2:   layout_cave_pods, minmay_holes, minivault_23, serial_bayou_shore_b,
          uniq_maggie, uniq_gastronok, uniq_erica
Lair:3:   layout_long_grid, minmay_shoals_entry_hut,
          nicolae_spider_entry_tight_spaces, infiniplex_staircase_pool_2,
          grunt_megastairs_2, uniq_amaemon
Lair:4:   layout_layer_cave, serial_bayou, serial_bayou_pond_b,
          serial_bayou_pond_e, serial_bayou_ford_a, serial_bayou_shore_b,
          gauntlet_entry_generic, lemuel_fruit_fields, grunt_megastairs_3,
          uniq_snorg
Gauntlet: gammafunk_gauntlet_branching [nicolae_gauntlet_arena_flowing_pool,
          gammafunk_gauntlet_arena_grid, nicolae_gauntlet_arena_grate_2,
          minmay_gauntlet_arena_make_your_own_arena,
          gammafunk_gauntlet_arena_hedges, nicolae_gauntlet_arena_t_cross,
          nicolae_gauntlet_arena_blocks, gammafunk_gauntlet_arena_chambers,
          dreamdust_gauntlet_exit_labyrinth]

Skill      XL: |  1  2  3  4  5  6  7  8  9 10 11 12 13 |
---------------+----------------------------------------+-----
Ranged Weapons | 2 3 |  3.0
Dodging        | 6 8 9 10 11 12 | 12.3
Fighting       | 6 7 8 9 10 | 10.3
Conjurations   | 7 8 9 10 12 14 | 14.8
Fire Magic     | 6 7 8 9 |  9.4
Short Blades   | 2 3 4 5 6 9 10 | 10.0
Armour         | 2 3 |  3.2
Evocations     | 3 |  3.2
Long Blades    | 2 |  2.2
Spellcasting   | |  1.0
Ice Magic      | |  1.0

Action                     |  1- 3 |  4- 6 |  7- 9 | 10-12 | 13-15 || total
---------------------------+-------+-------+-------+-------+-------++-------
  Melee: Dagger            |    24 |    29 |   215 |   629 |   110 ||  1007
         Kick              |     3 |     9 |    74 |   228 |    58 ||   372
         Peck              |     2 |     6 |    44 |   162 |    35 ||   249
         Punch             |       |       |     1 |     8 |     4 ||    13
         Falchion          |       |       |       |       |    17 ||    17
   Fire: Sling             |    90 |   108 |    20 |    48 |       ||   266
   Cast: Foxfire           |       |       |   116 |   202 |    29 ||   347
    Use: Scroll            |     1 |     5 |     5 |    14 |     2 ||    27
         Potion            |       |     1 |     1 |     7 |     5 ||    14
   Stab: Sleeping          |       |       |     2 |     8 |       ||    10
         Confused          |       |       |       |     1 |     1 ||     2
 Armour: Leather armour    |    22 |     4 |    12 |       |       ||    38
         Steam dragon scal |       |       |    18 |    35 |       ||    53
         Swamp dragon scal |       |       |       |    17 |    17 ||    34
  Dodge: Dodged            |    51 |    69 |   174 |   486 |   113 ||   893

Table legend: (Time is in decaauts)
 A = Elapsed time spent in this place.
 B = Non-inter-level travel time spent in this place.
 C = Inter-level travel time spent in this place.
 D = Time resting spent in this place.
 E = Time spent auto-exploring this place.
 F = Levels seen in this place.
 G = Mean time per level.
                   A        B        C        D        E       F      G
               +--------+--------+--------+--------+--------+-----+--------+
         Total |  17875 |  16981 |    894 |   3920 |   9169 |  16 | 1117.2 |
       Dungeon |  12600 |  11910 |    690 |   2793 |   6736 |  10 | 1260.0 |
          Lair |   4086 |   3882 |    204 |    920 |   2073 |   4 | 1021.5 |
        Bailey |    496 |    496 |      0 |    164 |     35 |   1 |  496.0 |
      Gauntlet |    691 |    691 |      0 |     42 |    323 |   1 |  691.0 |
               +--------+--------+--------+--------+--------+-----+--------+

Top non-repeatable levels by time:
     D:7: 2084 daAuts
     D:9: 2004 daAuts
     D:5: 1577 daAuts
     D:8: 1541 daAuts
  Lair:2: 1407 daAuts
  Lair:3: 1385 daAuts
  Lair:1: 1124 daAuts
     D:4: 1075 daAuts
     D:2: 1004 daAuts
     D:1: 955 daAuts
     D:6: 883 daAuts
     D:3: 766 daAuts
    D:10: 707 daAuts
Gauntlet: 691 daAuts
  Bailey: 496 daAuts
